Map: [ESL] Site Delta

Players

GuMiho

  • Race: Terran Terran
  • Spawn Location: 5:00

DKZDark (Dark) - Winner!

  • Race: Zerg Zerg
  • League: Master
  • Spawn Location: 11:00

Event: IEM Katowice 2024

VOD

Have the link to the VOD?

Description

Time

  • Played on: Dec. 6, 2023, 7:02 a.m.
  • Length: 17:29

All games in this series

Show
View Real Time Build Order
Export as new Build Order

GuMiho Terran 

Build Orders: Command Center First 

Get SALT Encoding   

  12  0:00  SCV  
  13  0:12  SCV  
  14  0:16  Supply Depot  
  14  0:24  SCV  
  15  0:38  SCV  
  16  0:50  SCV  
  17  0:58  Command Center  
  17  1:02  SCV  
  18  1:13  Barracks  
  18  1:15  SCV  
  19  1:21  Refinery  
  19  1:27  SCV  
  19  1:28  Refinery  
  20  1:39  SCV  
  21  1:51  SCV  
  22  2:00  Reaper  
  23  2:03  Orbital Command  
  23  2:09  Orbital Command  
  23  2:17  Factory  
  23  2:23  Barracks  
  23  2:28  SCV  
  24  2:33  Barracks Reactor  
  24  2:35  SCV  
  25  2:40  SCV  
  26  2:47  Supply Depot  
  26  2:48  SCV  
  27  2:52  SCV  
  28  3:00  SCV  
  28  3:01  Hellion  
  28  3:04  Starport  
  28  3:05  SCV  
  32  3:09  Marine x2  
  32  3:11  Barracks Tech Lab  
  32  3:12  SCV  
  35  3:15  Supply Depot  
  35  3:17  SCV  
  36  3:23  Hellion  
  36  3:24  SCV  
  39  3:28  Marine x2  
  39  3:29  SCV  
  39  3:30  Stimpack  
  39  3:32  Marine  
  43  3:36  SCV  
  43  3:40  Supply Depot  
  43  3:41  SCV  
  45  3:43  Medivac  
  45  3:46  Marine x2  
  49  3:51  Hellion  
  49  3:54  Engineering Bay  
  51  3:56  SCV  
  51  3:59  SCV  
  53  4:03  Marine  
  53  4:04  Supply Depot, Marine  
  53  4:05  Marine  
  53  4:08  SCV  
  57  4:11  SCV  
  57  4:12  Factory Tech Lab  
  58  4:17  Medivac  
  58  4:21  Marine x2  
  58  4:23  Terran Infantry Weapons Level 1  
  62  4:25  Marine  
  62  4:26  Supply Depot  
  62  4:27  SCV  
  62  4:29  Supply Depot  
  62  4:31  SCV  
  65  4:36  Siege Tank  
  68  4:39  SCV  
  68  4:43  SCV  
  70  4:47  Marine x3  
  70  4:50  Command Center  
  73  5:00  SCV x2  
  73  5:02  Supply Depot, Refinery  
  73  5:05  Marine x2  
  77  5:09  Marine  
  77  5:10  Combat Shield  
  77  5:12  SCV x2  
  80  5:21  Siege Tank  
  80  5:24  Barracks, Marine x2  
  80  5:25  Barracks  
  80  5:26  Barracks  
  80  5:27  Marine, SCV x2  
  86  5:42  Marine x2  
  82  5:49  Marine  
  83  5:51  SCV x2  
  83  5:53  Starport Reactor  
  86  5:58  Siege Tank, Refinery  
  86  6:00  Marine x2  
  91  6:07  Marine  
  91  6:08  SCV x2  
  94  6:12  Supply Depot  
  94  6:14  Supply Depot x2  
  94  6:18  Terran Infantry Armor Level 1, Marine x2  
  98  6:23  Barracks Reactor x2  
  98  6:25  Orbital Command, Marine x2  
  96  6:27  SCV x2  
  100  6:33  Siege Tank  
  100  6:36  Marine  
  100  6:37  Marine  
  100  6:38  Medivac  
  100  6:39  SCV  
  108  6:43  Barracks, Marine  
  108  6:44  Barracks x2  
  95  7:06  Marine x6  
  95  7:07  Barracks Reactor  
  95  7:08  Siege Tank, SCV x2  
  90  7:09  SCV  
  90  7:11  Medivac  
  90  7:13  Medivac  
  96  7:17  Command Center  
  96  7:20  SCV x2, Supply Depot x2  
  96  7:21  SCV, Marine  
  100  7:25  Marine x2  
  100  7:26  Marine, Supply Depot  
  100  7:28  Marine  
  100  7:29  Marine  
  105  7:32  Armory  
  105  7:36  SCV x2  
  107  7:38  SCV  
  107  7:40  Marine  
  107  7:41  Barracks Reactor x3  
  108  7:48  Siege Tank  
  108  7:50  SCV x3  
  114  7:52  Marine  
  115  7:59  Marine x2  
  115  8:00  Marine  
  115  8:01  Marine  
  115  8:02  SCV x2  
  115  8:04  Marine x3  
  115  8:05  Marine  
  124  8:10  Marine  
  124  8:11  Engineering Bay  
  124  8:12  SCV  
  126  8:14  Supply Depot x2, SCV  
  126  8:16  Supply Depot  
  127  8:21  Marine x2  
  127  8:23  Marauder  
  131  8:32  Marine x7  
  131  8:33  Marine x2  
  138  8:37  Terran Infantry Weapons Level 2, Terran Infantry Armor Level 2  
  132  8:42  Marine x2  
  132  8:43  Marine x3  
  132  8:44  Marauder  
  132  8:46  Medivac  
  141  8:48  Medivac  
  143  9:00  Marine, Refinery  
  143  9:01  Sensor Tower  
  144  9:07  Marine x3, Refinery  
  149  9:16  Siege Tank  
  152  9:19  Marine  
  152  9:20  Marine x2  
  152  9:23  Marine  
  152  9:24  Marine x6  
  155  9:25  Marine  
  161  9:34  Marine x3  
  161  9:44  Missile Turret  
  161  9:48  Siege Tank  
  157  9:56  Marauder, Marine x6  
  157  9:57  Marine x3  
  157  9:58  Marine  
  157  9:59  Marine x2  
  167  10:02  Marine x2  
  169  10:09  Medivac  
  169  10:13  Marine  
  169  10:14  Marine x5  
  172  10:15  Marine x3  
  172  10:17  Marauder  
  172  10:20  Missile Turret  
  147  10:32  Marine x2  
  134  10:38  Marine x2  
  134  10:39  Marauder  
  134  10:40  Marine x2  
  134  10:41  Marine  
  134  10:42  Medivac x2  
  126  10:46  SCV x3  
  129  10:56  Terran Infantry Armor Level 3, Terran Infantry Weapons Level 3  
  122  10:58  SCV x3  
  122  11:00  Marauder  
  122  11:01  Marine x2  
  122  11:02  Marauder, Marine x6  
  137  11:04  Widow Mine  
  137  11:05  Widow Mine  
  137  11:07  Barracks Tech Lab  
  137  11:08  Barracks Tech Lab  
  141  11:11  Planetary Fortress  
  141  11:19  Marine  
  141  11:21  Command Center  
  141  11:22  Marauder  
  141  11:25  Medivac  
  146  11:26  Widow Mine x2  
  146  11:27  Medivac  
  152  11:35  Concussive Shells, Marauder  
  152  11:36  Marine, Marauder x2  
  152  11:37  Marine x6  
  165  11:43  Marauder  
  165  11:44  Factory  
  167  11:52  Marine  
  167  11:53  Bunker, SCV x3  
  171  11:54  Marine  
  171  11:56  Marauder  
  171  11:57  Marauder  
  171  11:59  Widow Mine  
  171  12:00  Widow Mine  
  180  12:01  Medivac x2  
  180  12:05  Marauder x2, Marine x5  
  180  12:07  Marine  
  194  12:09  Marine  
  194  12:12  Supply Depot, Ghost Academy  
  195  12:24  Marine  
  195  12:26  Marauder x2  
  195  12:32  Marauder x2  
  195  12:36  Command Center  
  199  12:37  Command Center  
  199  12:40  Factory Reactor  
  199  12:45  Refinery x2  
  199  12:47  Sensor Tower  
  199  12:58  Medivac  
  181  13:14  Marauder, Marine  
  181  13:16  Marauder, Marine  
  181  13:18  Marine  
  181  13:19  Marauder, Marine x6  
  184  13:21  Medivac, Widow Mine x2  
  186  13:28  Medivac  
  186  13:30  Command Center  
  186  13:31  Marine  
  186  13:33  Terran Vehicle And Ship Armor Level 1  
  186  13:34  Marine  
  186  13:35  Marine, Widow Mine x2  
  186  13:36  Marine x2  
  186  13:37  Marauder, Marine x3  
  186  13:38  Marauder  
  200  13:50  Orbital Command  
  176  14:21  Marauder x2, Marine x2  
  160  14:27  Marauder, Marine x4  
  160  14:29  Marauder  
  165  14:32  Marine x2  
  158  14:39  Marine  
  158  14:42  Widow Mine x3  
  158  14:43  Marauder x2  
  158  14:44  Planetary Fortress  
  158  14:45  SCV x4  
  169  14:48  Marine  
  169  14:50  Marine  
  169  14:51  Marine  
  169  14:52  Marine, Widow Mine  
  180  14:53  Ghost x2  
  180  14:54  Medivac x2  
  180  14:57  Marine x4  
  188  15:03  Ghost x2  
  188  15:04  Widow Mine  
  188  15:06  Widow Mine x2  
  198  15:07  Missile Turret  
  198  15:09  Fusion Core  
  198  15:21  Ghost  
  197  15:54  Refinery x2  
  197  15:55  Sensor Tower, Missile Turret x2  
  197  16:00  Orbital Command  
  197  16:01  Ghost  
  197  16:02  Ghost  
  195  16:06  Ghost x2  
  184  16:23  Marine x4  
  184  16:25  Planetary Fortress  
  186  16:30  Ghost x2  
  186  16:32  Marine, Widow Mine x2  
  189  16:33  Marine  
  189  16:35  Ghost x2  
  175  16:56  Marine x4  
  175  16:57  Marine x2  
  175  16:58  Ghost  
  175  16:59  Ghost  
  183  17:04  Marauder  
Show
View Real Time Build Order
Export as new Build Order

DKZDark Zerg - Winner!

Build Orders: Hatch First, Lurkers 

Get SALT Encoding   

  12  0:00  Drone  
  13  0:11  Overlord  
  13  0:16  Drone  
  14  0:30  Drone x2  
  16  0:47  Hatchery  
  15  0:51  Drone  
  15  0:54  Drone  
  17  0:57  Drone  
  18  1:08  Extractor  
  17  1:12  Spawning Pool  
  17  1:16  Drone  
  17  1:19  Drone  
  18  1:28  Drone  
  19  1:38  Drone  
  20  1:49  Drone  
  21  1:59  Queen x2  
  21  2:00  Zergling x4  
  27  2:08  Metabolic Boost  
  27  2:10  Overlord  
  27  2:12  Drone  
  28  2:27  Hatchery  
  28  2:29  Drone  
  28  2:31  Drone  
  28  2:33  Drone  
  30  2:37  Drone  
  30  2:42  Queen  
  33  2:48  Overlord  
  32  2:51  Drone  
  32  2:55  Drone x2  
  35  3:07  Drone x5  
  35  3:11  Queen  
  42  3:15  Overlord  
  42  3:26  Drone  
  43  3:33  Queen  
  43  3:34  Drone  
  46  3:36  Drone x2  
  46  3:38  Queen  
  46  3:40  Drone x2  
  52  3:46  Drone x3  
  55  3:50  Zergling x4  
  58  3:55  Drone  
  58  3:56  Overlord  
  58  3:57  Overlord  
  58  4:03  Overlord  
  58  4:09  Overlord  
  58  4:14  Queen  
  58  4:16  Drone x5  
  64  4:19  Lair  
  64  4:21  Drone  
  65  4:25  Zergling x4  
  65  4:28  Spore Crawler x2  
  65  4:29  Drone x2  
  67  4:31  Zergling x2  
  67  4:32  Zergling x2  
  67  4:36  Zergling x2  
  67  4:37  Baneling Nest  
  69  4:42  Drone  
  69  4:43  Drone x4  
  69  4:45  Drone  
  75  4:50  Overlord  
  75  4:51  Zergling x2  
  76  4:53  Overlord  
  76  4:56  Overlord  
  76  4:58  Overlord  
  76  5:00  Extractor  
  76  5:01  Extractor  
  76  5:02  Overlord  
  74  5:07  Overlord  
  74  5:08  Queen  
  74  5:10  Drone x5  
  81  5:15  Zergling x4, Evolution Chamber  
  81  5:16  Evolution Chamber  
  82  5:21  Zergling x2  
  82  5:27  Zergling x4  
  84  5:32  Zergling x4  
  84  5:33  Zergling x16  
  88  5:38  Drone  
  88  5:45  Drone x2  
  90  5:50  Overlord  
  90  5:54  Zerg Melee Weapons Level 1  
  90  5:59  Drone x2  
  90  6:03  Zerg Ground Armor Level 1  
  93  6:04  Drone x2  
  93  6:05  Drone  
  95  6:12  Zergling x2  
  95  6:16  Overlord  
  95  6:17  Zergling x2  
  95  6:18  Centrifugal Hooks  
  97  6:21  Extractor  
  97  6:22  Drone  
  97  6:27  Drone x7  
  97  6:31  Hatchery  
  97  6:32  Zergling x2  
  100  6:33  Baneling x2  
  100  6:36  Baneling x4  
  100  6:37  Zergling x2  
  100  6:38  Zergling x2  
  102  6:40  Baneling x2  
  102  6:43  Zergling x8  
  106  6:51  Zergling x6  
  108  6:54  Zergling x6  
  99  7:05  Zergling x10  
  97  7:11  Baneling x6  
  97  7:12  Infestation Pit  
  97  7:13  Zergling x8  
  100  7:24  Drone x2, Hatchery  
  100  7:25  Drone x2  
  100  7:26  Extractor, Baneling  
  100  7:27  Baneling  
  102  7:31  Drone x6  
  102  7:32  Hatchery  
  107  7:38  Baneling x3  
  107  7:39  Zergling x2  
  107  7:43  Zergling x10  
  113  7:46  Zergling x2  
  113  7:51  Zergling x4  
  113  7:54  Burrow, Hive  
  113  8:04  Drone x3  
  116  8:11  Drone x8  
  124  8:13  Zerg Melee Weapons Level 2  
  124  8:16  Hatchery  
  124  8:18  Zergling x2  
  124  8:19  Zergling x6  
  123  8:27  Zergling x10  
  127  8:35  Zergling x6  
  127  8:39  Zergling x12  
  134  8:43  Overlord x5  
  134  8:44  Zerg Ground Armor Level 2  
  134  8:46  Baneling x2  
  134  8:49  Baneling x2  
  134  8:50  Baneling x4  
  134  8:52  Overlord  
  134  8:59  Overlord  
  134  9:02  Zergling x20  
  140  9:10  Zergling x14  
  146  9:19  Zergling x22  
  146  9:23  Viper  
  154  9:29  Viper  
  156  9:32  Adrenal Glands  
  156  9:33  Zergling x6  
  156  9:34  Baneling x8  
  158  9:41  Zergling x2  
  158  9:42  Zergling x12  
  141  9:54  Zergling x24  
  141  9:57  Baneling x3  
  141  9:58  Baneling x2  
  148  10:01  Baneling x3  
  148  10:03  Zergling x10  
  151  10:08  Zergling x10  
  151  10:14  Zergling x8  
  160  10:18  Zergling x8  
  139  10:30  Zergling x10  
  139  10:32  Zergling x20  
  144  10:38  Drone x6  
  144  10:40  Zergling x6  
  144  10:41  Baneling x6  
  143  10:47  Hydralisk Den  
  142  10:56  Drone x7  
  149  10:58  Baneling  
  149  10:59  Baneling x2  
  148  11:05  Drone x2, Hatchery  
  148  11:06  Drone x3  
  152  11:16  Grooved Spines  
  152  11:17  Zergling x18  
  161  11:19  Zerg Ground Armor Level 3  
  161  11:21  Zerg Missile Weapons Level 1  
  161  11:23  Baneling x4  
  161  11:26  Baneling  
  161  11:30  Zergling x16  
  167  11:37  Zergling x4  
  168  11:53  Overlord  
  168  11:59  Hydralisk  
  168  12:00  Hydralisk x11  
  190  12:07  Muscular Augments  
  190  12:08  Overlord  
  190  12:10  Extractor  
  190  12:13  Zergling x18, Extractor, Lurker Den  
  196  12:29  Zergling x2  
  200  12:30  Zergling x10  
  200  12:34  Baneling x3  
  200  12:35  Baneling x2  
  200  12:43  Hatchery  
  199  12:49  Overseer  
  199  12:50  Pneumatized Carapace, Overseer  
  194  13:01  Zergling x12  
  194  13:03  Baneling x5  
  185  13:15  Zerg Melee Weapons Level 3  
  185  13:17  Zergling x32  
  182  13:20  Zergling x22  
  193  13:30  Zergling x4  
  193  13:31  Zergling x12  
  193  13:33  Seismic Spines  
  198  13:34  Baneling x4  
  198  13:35  Baneling x4  
  198  13:38  Zergling x4  
  198  13:41  Zergling x2  
  186  13:55  Zergling x2  
  186  13:56  Zergling x16, Zerg Missile Weapons Level 2  
  186  14:01  Spore Crawler  
  191  14:03  Baneling x3  
  191  14:04  Zergling x12  
  191  14:08  Zergling x8  
  193  14:15  Zergling x20  
  177  14:20  Zergling x2  
  177  14:22  Hydralisk x4  
  170  14:24  Hydralisk  
  170  14:27  Zergling x2  
  170  14:29  Zergling x2  
  170  14:30  Adaptive Talons  
  164  14:31  Zergling x2  
  164  14:32  Hydralisk  
  164  14:35  Zergling x2  
  164  14:37  Hydralisk x3  
  162  14:40  Zergling x4  
  162  14:41  Baneling x3  
  162  14:42  Baneling x2  
  162  14:43  Zergling x2  
  164  14:47  Lurker x8  
  164  14:50  Zergling x8  
  176  14:58  Drone  
  176  14:59  Drone  
  178  15:00  Hydralisk x3, Nydus Network  
  178  15:02  Hatchery  
  178  15:03  Hydralisk x2  
  185  15:08  Baneling x5  
  185  15:14  Zergling x2  
  185  15:15  Zergling x12  
  192  15:30  Zergling x16  
  199  15:38  Nydus Canal  
  199  15:52  Hatchery  
  199  15:53  Zergling x2  
  198  15:58  Zergling x4  
  195  16:06  Zergling x2, Hatchery x2  
  195  16:07  Zergling x12  
  196  16:13  Zergling x6  
  194  16:19  Zergling x10  
  196  16:26  Zergling x6, Baneling x3  
  196  16:27  Baneling x3  
  196  16:28  Lurker x3  
  198  16:34  Zergling x2  
  199  16:45  Baneling x9  
  199  16:46  Zergling x2  
  199  16:50  Overseer  
  199  16:51  Zergling x4  
  197  16:55  Zergling x2  
  197  16:59  Zergling x4  
  197  17:03  Nydus Canal  

Tags
 
Add a new tag
Caveats
  • Supply blocks, unpowered buildings, or Contaminate may cause inaccurate times.
  • Supply counts are checked every 10 seconds.